 Dungeon Crawl Stone Soup version 0.22.1-1-ga44c0e5 (webtiles) character file.

54 Tr0llz0r the Magician (level 3, 0/28 HPs)
             Began as a Gnoll Wanderer on Oct 25, 2018.
             Slain by a rat (2 damage)
             ... on level 2 of the Dungeon on Nov 2, 2018.
             The game lasted 00:05:31 (1698 turns).

Tr0llz0r the Magician (Gnoll Wanderer)              Turns: 1698, Time: 00:05:32

Health: 0/28       AC:  8    Str: 15    XL:     3   Next: 91%
Magic:  9/9        EV:  6    Int: 16    God:
Gold:   56         SH:  0    Dex: 12    Spells: 12/12 levels left

rFire    . . .     SeeInvis .   b - +0 mace
rCold    . . .     Gourm    .   (no shield)
rNeg     . . .     Faith    .   a - +0 chain mail
rPois    .         Spirit   .   (no helmet)
rElec    .         Reflect  .   (no cloak)
rCorr    .         Harm     .   (no gloves)
MR       .....                  (no boots)
Stlth    ..........             (no amulet)
HPRegen  0.09/turn              (no ring)
MPRegen  0.11/turn              (no ring)

@: no status effects
A: distributed training, fangs 1, strong nose
a: no special abilities


You were on level 2 of the Dungeon.
You were not hungry.

You visited 1 branch of the dungeon, and saw 2 of its levels.

You collected 56 gold pieces.

Inventory:

Hand Weapons
 b - a +0 mace (weapon)
 e - a +0 club
Missiles
 g - 5 tomahawks
 h - 23 stones (quivered)
 i - 5 needles of sleeping
Armour
 a - a +0 chain mail (worn)
 d - a +0 robe
Scrolls
 c - 2 scrolls of teleportation
Comestibles
 f - 2 rations


   Skills:
 + Level 2.6 Fighting
 + Level 1.0 Short Blades
 + Level 1.0 Long Blades
 + Level 1.0 Axes
 + Level 1.0 Maces & Flails
 + Level 1.0 Polearms
 + Level 1.0 Staves
 + Level 1.0 Slings
 + Level 1.0 Bows
 + Level 4.6 Crossbows
 + Level 2.6 Throwing
 + Level 1.0 Armour
 + Level 1.0 Dodging
 + Level 2.4 Stealth
 + Level 1.0 Shields
 + Level 1.0 Unarmed Combat
 + Level 5.0 Spellcasting
 + Level 0.7 Conjurations
 + Level 3.8 Hexes
 + Level 2.1 Charms
 + Level 0.7 Summonings
 + Level 0.7 Necromancy
 + Level 0.7 Translocations
 + Level 0.7 Transmutations
 + Level 0.7 Fire Magic
 + Level 0.7 Ice Magic
 + Level 0.7 Air Magic
 + Level 0.7 Earth Magic
 + Level 0.7 Poison Magic
 + Level 1.0 Invocations
 + Level 1.0 Evocations


You had 12 spell levels left.
You didn't know any spells.
Your spell library contained the following spells:

 Spells                   Type           Power        Failure   Level  Hunger
 Infusion                 Chrm           ##..         82%         1    None
 Song of Slaying          Chrm           ##......     91%         2    #......
 Shock                    Conj/Air       #...         95%         1    None
 Shroud of Golubria       Chrm/Tloc      #.........   96%         2    #......
 Spectral Weapon          Hex/Chrm       ##......     97%         3    ###....
 Regeneration             Chrm/Necr      #.........   99%         3    ###....
 Static Discharge         Conj/Air       #.......     100%        3    ###....


Dungeon Overview and Level Annotations

Branches:
Dungeon (2/15)

Altars:
Nemelex Xobeh


Innate Abilities, Weirdness & Mutations

Your experience applies equally to all skills.
You have very sharp teeth.
Your uncanny sense of smell can sniff out nearby items.


Message History

The frilled lizard bites you but does no damage.
The rat bites you but does no damage.
A kobold comes into view. It is wielding a dagger of speed.
The bat hits you but does no damage.
The frilled lizard bites you but does no damage.
The kobold throws a stone.
The stone barely misses you.
You see here a club.
The bat hits you but does no damage.
The frilled lizard bites you but does no damage.
The kobold throws a stone.
The stone hits you but does no damage.
You see here a stone.
The bat completely misses you.
The frilled lizard bites you but does no damage.
The rat barely misses you. The bat hits you but does no damage.
The frilled lizard bites you but does no damage.
The bat hits you but does no damage.
The frilled lizard bites you but does no damage.
The rat bites you.
You die...

... ∆ ..K. #... ##.... ...# #
....#+# #... .##... #.# #.# ..
..# #...# #.# #.# .## #.##..#
#.# #.# ... #))(# #.# #.# ..
#)lr# ####.# #.# #.
∆∆∆#(@.###.##.## #.#
#.#####(.###......# #.# .
#............)##..####.#
....####.##.b#.####..........#
#........###.#.# ##.##..####.#
#.######.###...###...........#
#....#..#..<.....####.#
#................####.#
##......>..............#


You could see a bat, a frilled lizard and a rat.

Vanquished Creatures
  An adder (D:2)
  A leopard gecko (D:1)
  3 giant cockroaches
  7 goblins
  4 hobgoblins
  7 jackals
  4 bats
  6 kobolds
  6 rats
39 creatures vanquished.

Notes
Turn   | Place    | Note
-------+----------+-------------------------------------------
     0 | D:1      | Tr0llz0r the Gnoll Wanderer began the quest for the Orb.
     0 | D:1      | Tr0llz0r set off with: a scroll of teleportation, a +0
                  | robe, a +0 club, a ration
     0 | D:1      | Reached XP level 1. HP: 17/17 MP: 6/6
   188 | D:1      | Reached XP level 2. HP: 4/23 MP: 7/7
   823 | D:1      | Found a sparkling altar of Nemelex Xobeh.
  1088 | D:1      | Reached XP level 3. HP: 26/28 MP: 9/9
  1238 | D:1      | Reached skill level 5 in Spellcasting
  1666 | D:2      | Reached skill level 1 in Invocations
  1691 | D:2      | Reached skill level 1 in Short Blades
  1691 | D:2      | Reached skill level 1 in Long Blades
  1691 | D:2      | Reached skill level 1 in Axes
  1691 | D:2      | Reached skill level 1 in Maces & Flails
  1691 | D:2      | Reached skill level 1 in Polearms
  1691 | D:2      | Reached skill level 1 in Staves
  1691 | D:2      | Reached skill level 1 in Slings
  1691 | D:2      | Reached skill level 1 in Bows
  1691 | D:2      | Reached skill level 1 in Armour
  1691 | D:2      | Reached skill level 1 in Dodging
  1691 | D:2      | Reached skill level 1 in Shields
  1691 | D:2      | Reached skill level 1 in Unarmed Combat
  1691 | D:2      | Reached skill level 1 in Evocations
  1698 | D:2      | Slain by a rat

Skill      XL: |  1  2  3 |
---------------+----------+-----
Charms         | 2 |  2.1
Spellcasting   | 5 |  5.0
Invocations    | 1 |  1.0
Short Blades   | 1 |  1.0
Long Blades    | 1 |  1.0
Axes           | 1 |  1.0
Maces & Flails | 1 |  1.0
Polearms       | 1 |  1.0
Staves         | 1 |  1.0
Slings         | 1 |  1.0
Bows           | 1 |  1.0
Armour         | 1 |  1.0
Dodging        | 1 |  1.0
Shields        | 1 |  1.0
Unarmed Combat | 1 |  1.0
Evocations     | 1 |  1.0
Fighting       | |  2.6
Crossbows      | |  4.6
Throwing       | |  2.6
Stealth        | |  2.4
Conjurations   | |  0.7
Hexes          | |  3.8
Summonings     | |  0.7
Necromancy     | |  0.7
Translocations | |  0.7
Transmutations | |  0.7
Fire Magic     | |  0.7
Ice Magic      | |  0.7
Air Magic      | |  0.7
Earth Magic    | |  0.7
Poison Magic   | |  0.7

Action                   || total
-------------------------++-------
Melee: Mace              ||   149
       Club              ||    15
       Bite              ||    10
  Use: Scroll            ||     3
       Potion            ||     3
  Eat: Ration            ||     1
Armor: Chain mail        ||   219
       Robe              ||     2
Dodge: Dodged            ||   104
